 Dungeon Crawl Stone Soup version 0.21.1-1-g345015f (webtiles) character file.

30 prawnwizard the Ruffian (level 3, 0/36 HPs)
             Began as a Troll Fighter on July 10, 2018.
             Slain by Glennnyy's ghost (11 damage)
             ... on level 3 of the Dungeon.
             The game lasted 00:05:28 (623 turns).

prawnwizard the Ruffian (Troll Fighter)              Turns: 623, Time: 00:05:29

Health: 0/36       AC:  5    Str: 24    XL:     3   Next: 5%
Magic:  2/2        EV: 10    Int:  2    God:
Gold:   93         SH:  0    Dex: 10    Spells: 2/2 levels left

rFire    . . .     SeeInvis .     - Unarmed
rCold    . . .     Gourm    +   (no shield)
rNeg     . . .     Faith    .   a - +0 robe
rPois    .         Spirit   .   (helmet restricted)
rElec    .         Reflect  .   (no cloak)
rCorr    .         Harm     .   (gloves unavailable)
MR       .....                  (boots unavailable)
Stlth    +.........             (no amulet)
HPRegen  0.52/turn              g - -2 ring of intelligence (curse)
MPRegen  0.08/turn              (no ring)

@: no status effects
A: large, unfitting armour, claws 3, fast metabolism 3, gourmand, regeneration
1, shaggy fur 1, tough skin 2
a: no special abilities


You were on level 3 of the Dungeon.
You were completely stuffed.

You visited 1 branch of the dungeon, and saw 3 of its levels.

You collected 93 gold pieces.

Inventory:

Armour
 a - a +0 robe (worn)
 l - a +2 shield
Jewellery
 g - a cursed -2 ring of intelligence (left claw)
Scrolls
 e - a scroll of enchant armour {unknown}
 j - 4 scrolls of identify {unknown}
 k - a scroll of teleportation {unknown}
 n - a scroll of amnesia {unknown}
 o - a scroll of remove curse {unknown}
Potions
 b - a potion of magic {unknown}
 c - 2 potions of might
 f - a potion of curing {unknown}
 i - a potion of ambrosia {unknown}
 m - a potion of invisibility {unknown}
 p - a potion of heal wounds {unknown}
Comestibles
 d - 3 rations
 h - 3 chunks of flesh


   Skills:
 - Level 2.6 Fighting
 - Level 2.6 Dodging
 - Level 2.6 Shields
 * Level 3.0 Unarmed Combat


You had 2 spell levels left.
You didn't know any spells.

Dungeon Overview and Level Annotations

Branches:
Dungeon (2/15)

Altars:
Nemelex Xobeh

Annotations:
D:3 Glennnyy's ghost, amateur MiFi


Innate Abilities, Weirdness & Mutations

You are too large for most types of armour.
You have claws for hands.
Your metabolism is lightning-fast.
You like to eat raw meat.
Your natural rate of healing is unusually fast.
You are covered in fur. (AC +1)
You have very tough skin. (AC +2)


Message History

You kill the goblin!
Your Unarmed Combat skill increases to level 3!
The bat hits you but does no damage. The bat closely misses you.
The bat barely misses you. The bat hits you but does no damage.
The bat hits you but does no damage.
You claw Glennnyy's ghost!
Glennnyy's ghost is heavily damaged.
The bat hits you but does no damage. Glennnyy's ghost hits you!
You closely miss Glennnyy's ghost. Your claw misses Glennnyy's ghost.
Glennnyy's ghost is heavily damaged.
Glennnyy's ghost hits you. The kobold barely misses you.
You closely miss Glennnyy's ghost.
Glennnyy's ghost is heavily damaged.
Glennnyy's ghost hits you!
* * * LOW HITPOINT WARNING * * *
You scratch Glennnyy's ghost but do no damage.
Glennnyy's ghost is heavily damaged.
The kobold barely misses you. Glennnyy's ghost hits you!
You die...

#8... ##.....## ....
#8..$..8# ....
#.....# ..... #
#8...8# ..... .####.
##_## ......
......#########......
#....Kg!...!......
.#@Wb.†)........
........######.......
..###.### #..#... #.
#...## . ##.# ## #


You could see Glennnyy's ghost, a goblin, a bat and a kobold.

Vanquished Creatures
  3 giant cockroaches
  3 hobgoblins (D:1)
  4 jackals (D:1)
  3 bats
  A frilled lizard (D:1)
  6 goblins
  3 kobolds
  5 rats
28 creatures vanquished.

Notes
Turn   | Place    | Note
-------+----------+-------------------------------------------
     0 | D:1      | prawnwizard the Troll Fighter began the quest for the Orb.
     0 | D:1      | Reached XP level 1. HP: 22/22 MP: 0/0
   124 | D:1      | Reached XP level 2. HP: 23/29 MP: 1/1
   590 | D:2      | Reached XP level 3. HP: 36/36 MP: 2/2
   608 | D:2      | You fall through a shaft!
   608 | D:3      | Found a sparkling altar of Nemelex Xobeh.
   608 | D:3      | Noticed Glennnyy's ghost (amateur MiFi)
   615 | D:3      | Reached skill level 3 in Unarmed Combat
   623 | D:3      | Slain by Glennnyy's ghost

Skill      XL: |  1  2  3 |
---------------+----------+-----
Unarmed Combat | 3 |  3.0
Fighting       | |  2.6
Dodging        | |  2.6
Shields        | |  2.6

Action                   || total
-------------------------++-------
Melee: Unarmed           ||    63
  Eat: Chunk             ||    11
Armor: Robe              ||    40
Dodge: Dodged            ||    45
